 Dungeon Crawl Stone Soup version 0.30-a0-808-g6e0788376e (webtiles) character file.

Game seed: 10135156960483003342

280002 demibob the Phalangite (level 20, -31/174 (182) HPs)
             Began as a Merfolk Gladiator on Feb 26, 2023.
             Was an Initiate of Gozag.
             Shot with an arrow by a ghostly deep elf master archer (38 damage)
             ... on level 3 of the Elven Halls.
             The game lasted 01:07:18 (45454 turns).

demibob the Phalangite (Merfolk Gladiator)         Turns: 45454, Time: 01:07:19

HP:   -31/174 (182) AC: 25    Str: 17    XL:     20   Next: 87%
MP:   20/20         EV: 31    Int:  7    God:    Gozag
Gold: 2230          SH:  0    Dex: 22    Spells: 19/19 levels left

rFire   . . .      SeeInvis .    a - +3 glaive (protect)
rCold   . . .      Faith    .    (shield currently unavailable)
rNeg    . . .      Spirit   .    r - +0 robe "Iletot" {rElec Int-4 Dex+4 Slay+6}
rPois   .          Reflect  .    V - +2 helmet
rElec   +          Harm     .    k - +2 cloak
rCorr   .          Rampage  .    U - +2 pair of gloves
Will    ++...                    I - +0 pair of boots
Stlth   ++++++                   S - amulet of Symmetry {Acrobat rElec}
HPRegen 0.49/turn                t - +4 ring of protection
MPRegen 0.17/turn                W - ring of willpower

@: gold aura, under a protective aura, hasted, lightly drained, very quick
A: (nimble swimmer 2), mertail
}: 1/15 runes: barnacled
a: Renounce Religion, Potion Petition, Call Merchant, Bribe Branch


You were on level 3 of the Elven Halls.
You worshipped Gozag.
Gozag was most pleased with you.
You visited 6 branches of the dungeon, and saw 33 of its levels.
You visited 1 bazaar.

You collected 13676 gold pieces.
You spent 1282 gold pieces at shops.
You paid 10164 gold pieces to Gozag.


Innate Abilities, Weirdness & Mutations

((You are very nimble when in or above water. (Stealth+, EV+, Speed+++)))
Your lower body shifts to a powerful aquatic tail in water.


   Skills:
 + Level 21.8 Fighting
 + Level 25.5 Polearms
 - Level 2.0 Throwing
 - Level 10.3 Armour
 - Level 23.0 Dodging
 - Level 15.0 Stealth
 - Level 10.5 Evocations


You had 19 spell levels left.
You didn't know any spells.
Your spell library contained the following spells:

 Spells                   Type           Power      Damage    Failure   Level
 Apportation              Tloc           0%         N/A       43%         1
 Beastly Appendage        Tmut           0%         N/A       43%         1
 Foxfire                  Conj/Fire      0%         2x1d4     43%         1
 Kiss of Death            Conj/Necr      0%         2d5       43%         1
 Necrotise                Necr           0%         1d4       43%         1
 Sandblast                Erth           0%         2d4       43%         1
 Summon Small Mammal      Summ           0%         N/A       43%         1
 Cigotuvi's Dreadful Rot  Necr/Pois/Air  0%         N/A       56%         2
 Ensorcelled Hibernation  Hex/Ice        0%         N/A       56%         2
 Poisonous Vapours        Pois/Air       0%         N/A       56%         2
 Static Discharge         Conj/Air       0%         2-2/arc   56%         2
 Wereblood                Tmut           0%         N/A       56%         2
 Call Canine Familiar     Summ           0%         N/A       80%         3
 Confusing Touch          Hex            0%         N/A       80%         3
 Dazzling Flash           Conj/Hex       0%         N/A       80%         3
 Frozen Ramparts          Ice            0%         1d1       80%         3
 Gell's Gravitas          Tloc           0%         N/A       80%         3
 Kindle Blastsparks       Fire/Tloc/Air  0%         2d10      80%         3
 Mephitic Cloud           Conj/Pois/Air  0%         N/A       80%         3
 Spider Form              Tmut/Pois      0%         N/A       80%         3
 Stone Arrow              Conj/Erth      0%         3d7       80%         3
 Summon Guardian Golem    Hex/Summ       0%         N/A       80%         3
 Teleport Other           Tloc           0%         N/A       80%         3
 Vhi's Electric Charge    Tloc/Air       0%         N/A       80%         3
 Anguish                  Hex/Necr       0%         N/A       99%         4
 Animate Armour           Summ/Erth      0%         N/A       99%         4
 Dispel Undead            Necr           0%         3d6       99%         4
 Olgreb's Toxic Radiance  Pois           0%         N/A       99%         4
 Petrify                  Tmut/Erth      0%         N/A       99%         4
 Summon Ice Beast         Ice/Summ       0%         N/A       99%         4
 Agony                    Necr           0%         N/A       100%        5
 Alistair's Intoxication  Tmut/Pois      0%         N/A       100%        5
 Arcjolt                  Conj/Air       0%         1d10      100%        5
 Borgnjor's Vile Clutch   Necr/Erth      0%         N/A       100%        5
 Fireball                 Conj/Fire      0%         3d3       100%        5
 Freezing Cloud           Conj/Ice/Air   0%         6-21      100%        5
 Iskenderun's Battlesphe  Conj           0%         2d6       100%        5
 Lightning Bolt           Conj/Air       0%         1d11      100%        5
 Metabolic Englaciation   Hex/Ice        0%         N/A       100%        5
 Silence                  Hex/Air        0%         N/A       100%        5
 Summon Mana Viper        Hex/Summ       0%         N/A       100%        5
 Conjure Ball Lightning   Conj/Air       0%         3x3d6     100%        6
 Dispersal                Tloc           0%         N/A       100%        6
 Eringya's Noxious Bog    Tmut/Pois      0%         N/A       100%        6
 Statue Form              Tmut/Erth      0%         N/A       100%        6
 Monstrous Menagerie      Summ           0%         N/A       100%        7
 Orb of Destruction       Conj           0%         9d5       100%        7
 Ozocubu's Refrigeration  Ice            0%         4d7       100%        7
 Ignition                 Fire           0%         3d3       100%        8
 Lehudib's Crystal Spear  Conj/Erth      0%         10d2      100%        8

Inventory:

Hand Weapons
 a - a +3 glaive of protection (weapon)
 b - a +5 trident of electrocution
 H - a +0 demon trident
Missiles
 d - 13 throwing nets (quivered) {=f}
 q - 4 javelins
 u - 3 silver javelins
Armour
 k - a +2 cloak (worn)
 r - the +0 robe "Iletot" (worn) {rElec Int-4 Dex+4 Slay+6}
   (You found it on level 6 of the Dungeon)

   Int:       It affects your intelligence (-4).
   Dex:       It affects your dexterity (+4).
   Slay:      It affects your accuracy & damage with ranged weapons and melee
   (+6).
   rElec:     It insulates you from electricity.
 I - a +0 pair of boots (worn)
 U - a +2 pair of gloves (worn)
 V - a +2 helmet (worn)
Jewellery
 f - a ring of protection from fire
 t - a +4 ring of protection (left hand)
 v - a ring of see invisible
 w - a ring of willpower
 D - a +6 ring of dexterity
 F - a ring of protection from fire
 L - a ring of flight
 N - a ring of positive energy
 R - a ring of resist corrosion
 S - the amulet of Symmetry (around neck) {Acrobat rElec}
   (You acquired it on level 14 of the Dungeon)

   [amulet of the acrobat]

   It increases your evasion while moving and waiting.
   rElec:     It insulates you from electricity.
 T - a +4 ring of protection
 W - a ring of willpower (right hand)
Wands
 h - a wand of flame (50)
 l - a wand of paralysis (32)
 x - a wand of polymorph (12)
 A - a wand of digging (7)
 C - a wand of iceblast (22)
 E - a wand of mindburst (12)
 K - a wand of light (5)
Scrolls
 c - 10 scrolls of identify {@r1}
 g - 3 scrolls of magic mapping
 j - 5 scrolls of enchant weapon
 s - 5 scrolls of teleportation {@r2}
 y - 2 scrolls of fear
 B - a scroll of fog
 M - 2 scrolls of amnesia
 P - 3 scrolls of enchant armour
Potions
 i - 2 potions of might
 m - 9 potions of curing {@q1}
 n - 2 potions of invisibility
 o - 3 potions of brilliance
 p - 9 potions of flight
 G - 3 potions of cancellation
 J - 3 potions of magic
 O - 6 potions of haste {@q3}
 Z - 4 potions of resistance
Miscellaneous
 e - a phial of floods
 z - a phantom mirror
 Q - a lightning rod (4/4)
 X - a box of beasts

Dungeon Overview and Level Annotations

Branches:
Dungeon (15/15)            Temple (0/1) D:6            Lair (5/5) D:9
 Shoals (4/4) Lair:3       Spider (0/4) Lair:3        Slime (0/5) Lair:4
    Orc (2/2) D:12            Elf (3/3) Orc:2        Vaults (4/5) D:13
  Crypt (0/3) Vaults:2     Depths (0/4) D:15

Altars:
Gozag
Hepliaklqana
Kikubaaqudgha
Nemelex Xobeh
Qazlal
Sif Muna
Zin
The Shining One
Jiyva

Shops:
D:3 [   D:9 ?((   D:12 (   D:13 [(   D:14 (   Orc:2 ***[:   Lair:3 (
Vaults:1 *   Vaults:2 :

Portals:
Abyss: Vaults:4
Trove: D:10 (give +4 shadow dragon scales)

Annotations:
D:8 3 runed translucent doors
Lair:3 3 runed translucent doors, exclusion: 2 oklob plants, Pugak's ghost, journeyman DECj
Lair:5 2 transporters, exclusion: ice statue, Orangeyouglad's ghost, journeyman HuIE
Elf:2 exclusion: 3 doors
Elf:3 1 exclusion
Vaults:2 2 transporters, FacelessVoid's ghost, adept DESu
Vaults:4 2 transporters

......,,,,,,,,,,,,,,,,,,,,,*
......,,,,,,,,,,,,,,,,,,,,,*
######***###############...#
e.,,,,,,,..............#...#
....,,,,,..............#...#
.....,,,,........✱.....#...#
.....,,,,..............#...#
.....,,,,.......ee.....#...#
*******+**######@#######...#
,,,,,,,,,...........)......#
,,,,,,,,,..................#
,,,,,,,,,.........$........#
*********###################


You could see a ghostly deep elf master archer, a deep elf death mage and a lost
soul (summoned).


Message History

The deep elf death mage is severely wounded.
The ghostly deep elf master archer shoots an arrow.
The arrow hits you!
* * * LOW HITPOINT WARNING * * *
You barely miss the deep elf death mage.
The deep elf death mage is severely wounded.
The deep elf death mage completely misses you.
The ghostly deep elf master archer shoots an arrow.
The arrow hits you!!
* * * LOW HITPOINT WARNING * * *
Use which ability? (? or * to list) [a] - 576 gold - haste, resistance and might [b] - 322 gold - resistance and might [c] - 450 gold - haste and heal wounds Purchase which effect?
You no longer have enough gold to fund merchants seeking to open stores in the dungeon.
You feel as though your hastened speed will last longer.
You feel much better.
The ghostly deep elf master archer shoots an arrow.
The arrow hits you!
* * * LOW HITPOINT WARNING * * *
You hit the deep elf death mage.
The deep elf death mage is severely wounded.
The deep elf death mage gestures at you while chanting.
The bolt of negative energy hits you!!
You feel drained.
* * * LOW HITPOINT WARNING * * *
The ghostly deep elf master archer shoots an arrow.
The arrow hits you!!!
You die...
Your body crumbles into a pile of gold.

Skill      XL: |  1  2  3  4  5  6  7  8  9 10 11 12 13 14 15 16 17 18 19 20 |
---------------+-------------------------------------------------------------+-----
Polearms       | 5 6 7 8 10 12 13 14 16 20 22 24 25 | 25.5
Dodging        | 6 12 14 15 18 20 21 23 | 23.0
Fighting       | 3 7 9 12 15 16 17 19 21 | 21.8
Armour         | 2 6 9 10 | 10.3
Evocations     | 7 10 | 10.5
Stealth        | 9 15 | 15.0
Throwing       | |  2.0

Action                     |  1- 3 |  4- 6 |  7- 9 | 10-12 | 13-15 | 16-18 | 19-21 || total
---------------------------+-------+-------+-------+-------+-------+-------+-------++-------
  Melee: Trident           |   141 |   152 |   363 |   154 |    28 |       |       ||   838
         Punch             |       |       |     2 |     4 |       |       |       ||     6
         Glaive            |       |       |       |   326 |  1249 |  1637 |  1148 ||  4360
         Tailslap          |       |       |       |       |     3 |    57 |       ||    60
 Invoke: Call Merchant     |       |       |       |     1 |     3 |     3 |     1 ||     8
         Potion Petition   |       |       |       |       |       |       |     2 ||     2
  Evoke: Wand              |       |       |     1 |     3 |     8 |       |       ||    12
         Lightning rod     |       |       |       |       |     6 |     8 |       ||    14
    Use: Scroll            |       |     7 |     7 |    11 |    10 |     9 |     6 ||    50
         Potion            |       |       |     1 |     4 |     2 |     5 |     8 ||    20
   Stab: Sleeping          |     6 |     4 |     4 |     2 |     7 |    13 |    21 ||    57
         Distracted        |       |     1 |     1 |     4 |    16 |     9 |    13 ||    44
         Paralysed         |       |       |       |     4 |       |       |       ||     4
 Armour: Leather armour    |    26 |    41 |    46 |       |       |       |       ||   113
         Robe              |       |       |    24 |    68 |   148 |   226 |   191 ||   657
  Dodge: Dodged            |    72 |    62 |   120 |   320 |   892 |  1695 |   818 ||  3979

Levels and vault maps discovered:
D:1:      sevenhm_arrival_forest_fort_small_6, layout_basic,
          kennysheep_decorative_pillar, minmay_misc_feat_plants,
          nicolae_figureground_pulse
D:2:      layout_loops_corners, minmay_door_square
D:3:      layout_basic, kiku_gazebo_pond_becter, serial_shops, shop,
          uniq_natasha
D:4:      layout_layer_cave
D:5:      layout_loops_ring, pdpol_temple_overflow_zin_treasury_gozag_greed,
          mainiacjoe_overflow_alcove_2
D:6:      layout_loops_ring, temple_hall, uniq_pikel
D:7:      layout_layer_cave, nemelex_dance_club_becter, serial_co_window_serial,
          co_window_paths_a, co_window_corner_a, co_window_of_opportunity_a,
          co_window_corner_a, co_window_paths_a, co_window_of_opportunity_a,
          co_window_of_opportunity_a, co_window_2corner, co_window_corner_cb,
          co_window_broadway_b, co_window_corner_b
D:8:      layout_loops_cross, serial_aquarium, aquarium_bridge_island_large
          [aquarium_subvault_large_open, aquarium_subvault_wall,
          aquarium_subvault_wall, aquarium_subvault_bridge,
          aquarium_subvault_bridge], aquarium_window_2, aquarium_window_fake,
          aquarium_view_2e, aquarium_view_2f,
          ploomutoo_gammafunk_ghost_potion_laboratory, kennysheep_generic_room_2
D:9:      layout_rooms, jmf_multi_god_temple, dpeg_lair_monsters
D:10:     layout_layer_cave, nicolae_trove_entry_path_of_doom, uniq_sonja,
          uniq_erolcha, uniq_joseph, uniq_maggie
D:11:     layout_rooms, uniq_urug
D:12:     layout_grid_maze, minmay_orc_entry_temple_small, serial_shops,
          nicolae_shop_behind_doors, uniq_frances, uniq_gastronok
D:13:     layout_roguey, david_vaults_1, uniq_kirke
D:14:     layout_roguey [special_room_orc], hangedman_abyss_or_decor_passed,
          uniq_nessos
D:15:     grunt_enter_depths_magical_seal, layout_basic, lemuel_blue_sif_altar,
          nrook_pool_corridor, uniq_agnes
Lair:1:   layout_cave_pods, beast_lair_carwin_4
Lair:2:   layout_cave_pods, uniq_nergalle
Lair:3:   layout_regular_city, minmay_shoals_entry_lonely_mermaid,
          nicolae_spider_entry_lesser_pyramids, gammafunk_ghost_icy
Lair:4:   layout_misc_corridors, minmay_slime_entry_pillars, enter_volcano_4
Lair:5:   minmay_lair_end_frog_pond, layout_gridlike, nzn_ghost_randoct,
          lemuel_fruit_fields
Shoals:1: layout_shoals, serial_shops, statue_bzr, uniq_josephine
Shoals:2: layout_shoals, nicolae_shoals_water_elemental_grotto
Shoals:3: layout_shoals, nicolae_shoals_shepherds
Shoals:4: shoals_end_grunt_ice, layout_shoals, shoals_ilsuiw_ice
Orc:1:    layout_diamond_mine, uniq_jorgrun
Orc:2:    st_orc_rangers, layout_diamond_mine
Elf:1:    layout_gridlike, kennysheep_underground_church,
          nicolae_elf_elemental_lessons, grunt_megastairs_5
Elf:2:    elven_hall_of_blades_hangedman_original [nicolae_blade_little_rooms],
          layout_loops_corners, basic_altar, corner_web_ring
Elf:3:    minmay_elf_hall_circle, layout_onion_city
Vaults:1: hangedman_vaults_stagger, vaults_room_ringed_pool,
          grunt_vaults_trifunnel, grunt_vaults_hallway_short, v_misc_8,
          serial_ice_m, grunt_vaults_hallway_long,
          nicolae_vaults_network_square, nicolae_vaults_quadrants,
          hangedman_vaults_stretched_pinwheel, vaults_dpeg_ring,
          nicolae_vaults_specimen_jars, hangedman_vaults_corner_blocks,
          ontoclasm_vaults_ligature, v_misc_18, vaults_mumra_chevron,
          ontoclasm_vaults_gateway, layout_vaults_maze, serial_shops,
          nicolae_square_shop
Vaults:2: gammafunk_ghost_mausoleum, v_misc_12, nicolae_vaults_what_the_h,
          minmay_crypt_entry_simple_sparse, hangedman_vaults_cutoff,
          nicolae_vaults_network_periphery, vaults_room_pools,
          grunt_vaults_hallway_short, grunt_vaults_hallway_long,
          nicolae_vaults_circle_grid_b, v_misc_11, vaults_room_pool,
          vaults_dpeg_emergency_exit, layout_vaults_omnibox, serial_shops,
          nicolae_shop_trees, uniq_margery
Vaults:3: st_spiral_rooms, v_misc_17, v_pattern_5, hangedman_vaults_hat,
          vaults_room_pool, ontoclasm_vaults_loading_screen,
          nicolae_vaults_bisected_exclaves, v_misc_23, v_misc_15,
          v_alt_pattern_6, grunt_vaults_funnel, layout_vaults_chaotic_city
Vaults:4: gammafunk_ghost_abyssal_escape, hangedman_vaults_restitches,
          v_misc_22, vaults_dpeg_diagonal, v_misc_27, v_misc_10, v_misc_3,
          vaults_room_grunt_arrival_checkpoint, vaults_room_fours,
          ontoclasm_vaults_pinch, vaults_room_semicircle, layout_vaults_omnigrid

Notes
Turn   | Place    | Note
-------+----------+-------------------------------------------
     0 | D:1      | demibob the Merfolk Gladiator began the quest for the Orb.
     0 | D:1      | Reached XP level 1. HP: 16/16 MP: 1/1
   173 | D:1      | Reached XP level 2. HP: 18/22 MP: 2/2
   300 | D:1      | Reached skill level 5 in Polearms
   482 | D:1      | Reached XP level 3. HP: 27/27 MP: 3/3
  1160 | D:2      | Reached skill level 6 in Polearms
  1387 | D:2      | Identified the +1 robe "Raint" {Will+ SInv}
  1480 | D:2      | Reached XP level 4. HP: 33/33 MP: 4/4
  1967 | D:3      | Noticed Natasha
  1971 | D:3      | Killed Natasha
  2065 | D:3      | Reached skill level 7 in Polearms
  2066 | D:3      | Found an ancient bone altar of Kikubaaqudgha.
  2103 | D:3      | Noticed Natasha
  2110 | D:3      | Killed Natasha
  2111 | D:3      | Reached XP level 5. HP: 32/38 MP: 5/5
  2157 | D:3      | Found Kifei's Antique Armour Shoppe.
  2465 | D:3      | Noticed Natasha
  2474 | D:3      | Killed Natasha
  2475 | D:3      | Reached skill level 8 in Polearms
  2730 | D:4      | Reached XP level 6. HP: 35/44 MP: 6/6
  2880 | D:4      | Reached skill level 9 in Polearms
  3363 | D:4      | Reached skill level 10 in Polearms
  3363 | D:4      | Reached XP level 7. HP: 38/50 MP: 7/7
  3846 | D:5      | Entered Level 5 of the Dungeon
  3903 | D:5      | Reached skill level 11 in Polearms
  4477 | D:5      | Reached skill level 12 in Polearms
  4477 | D:5      | Reached XP level 8. HP: 43/56 MP: 8/8
  4719 | D:5      | Found a glowing silver altar of Zin.
  4791 | D:5      | Found an opulent altar of Gozag.
  4797 | D:5      | Became a worshipper of Gozag Ym Sagoz the Greedy
  4904 | D:5      | Found a glowing golden altar of the Shining One.
  5149 | D:6      | Identified the +0 robe "Iletot" {rElec Int-4 Dex+4 Slay+6}
  5305 | D:6      | Noticed Pikel
  5306 | D:6      | Paralysed by Pikel for 4 turns
  5312 | D:6      | Paralysed by Pikel for 4 turns
  5325 | D:6      | Killed Pikel
  5326 | D:6      | Reached skill level 13 in Polearms
  5326 | D:6      | Reached skill level 6 in Dodging
  5362 | D:6      | Identified the +7 short sword of Defiance {freeze, Dex+2}
  5382 | D:6      | Found a staircase to the Ecumenical Temple.
  5644 | D:6      | Reached XP level 9. HP: 61/61 MP: 9/9
  5688 | D:6      | Reached skill level 7 in Dodging
  5905 | D:7      | Reached skill level 14 in Polearms
  6000 | D:7      | Reached skill level 8 in Dodging
  6123 | D:7      | Reached skill level 9 in Dodging
  6243 | D:7      | Found a sparkling altar of Nemelex Xobeh.
  6985 | D:7      | Reached skill level 10 in Dodging
  7289 | D:8      | Reached skill level 11 in Dodging
  7294 | D:8      | Identified the +5 ring mail of Xiont {rN+ SInv}
  7656 | D:8      | Reached skill level 3 in Fighting
  7656 | D:8      | Reached skill level 12 in Dodging
  7656 | D:8      | Reached XP level 10. HP: 61/70 MP: 10/10
  8085 | D:8      | Found a runed translucent gate.
  8085 | D:8      | Noticed a cyan ugly thing
  8086 | D:8      | Found a runed translucent gate.
  8086 | D:8      | Found a runed translucent gate.
  8086 | D:8      | Noticed a purple ugly thing
  8088 | D:8      | Noticed a cyan ugly thing
  8088 | D:8      | Noticed a red ugly thing
  8463 | D:9      | Noticed a death yak
  8463 | D:9      | Noticed a manticore
  8468 | D:9      | Found a staircase to the Lair.
  8472 | D:9      | Killed a manticore
  8473 | D:9      | Reached skill level 4 in Fighting
  8473 | D:9      | Noticed a death yak
  8473 | D:9      | Noticed a death yak
  8494 | D:9      | Killed a death yak
  8495 | D:9      | Reached skill level 5 in Fighting
  8495 | D:9      | Reached skill level 13 in Dodging
  8506 | D:9      | Killed a death yak
  8507 | D:9      | Reached skill level 6 in Fighting
  8611 | D:9      | Noticed a death yak
  8612 | D:9      | Noticed a death yak
  8635 | D:9      | Killed a death yak
  8680 | D:9      | Noticed a death yak
  8700 | D:9      | Killed a death yak
  8701 | D:9      | Reached skill level 7 in Fighting
  8701 | D:9      | Reached skill level 14 in Dodging
  8706 | D:9      | Noticed a death yak
  8710 | D:9      | Killed a death yak
  8711 | D:9      | Reached XP level 11. HP: 84/86 MP: 11/11
  8718 | D:9      | Killed a death yak
  8719 | D:9      | Reached skill level 8 in Fighting
  8725 | D:9      | Killed a death yak
  8726 | D:9      | Reached skill level 15 in Dodging
  9018 | D:9      | Reached skill level 9 in Fighting
  9153 | D:9      | Found a hazy altar of Hepliaklqana.
  9153 | D:9      | Found a stormy altar of Qazlal.
  9417 | D:9      | Bought a +3 glaive of protection for 322 gold pieces
  9422 | Lair:1   | Entered Level 1 of the Lair of Beasts
 10461 | Lair:2   | Reached skill level 15 in Polearms
 10504 | Lair:2   | Noticed Nergalle
 10562 | Lair:2   | Killed Nergalle
 10576 | Lair:2   | Reached skill level 16 in Polearms
 10797 | Lair:2   | Reached XP level 12. HP: 60/95 MP: 12/12
 11051 | Lair:2   | Reached skill level 17 in Polearms
 11786 | Lair:3   | Found a runed translucent gate.
 11786 | Lair:3   | Found a runed translucent gate.
 11791 | Lair:3   | Found a runed translucent gate.
 11932 | Lair:3   | Noticed a skyshark
 12047 | Lair:3   | Killed a skyshark
 12048 | Lair:3   | Reached skill level 18 in Polearms
 12167 | Lair:3   | Noticed a skyshark
 12192 | Lair:3   | Killed a skyshark
 12208 | Lair:3   | Reached skill level 19 in Polearms
 12334 | Lair:3   | Noticed Pugak's ghost (journeyman DECj)
 12505 | Lair:3   | Reached skill level 20 in Polearms
 12530 | Lair:3   | Found a staircase to the Shoals.
 12544 | Lair:3   | Noticed a skyshark
 12554 | Lair:3   | Killed a skyshark
 12760 | Lair:3   | Reached XP level 13. HP: 101/101 MP: 13/13
 12793 | Lair:3   | Found a hole to the Spider Nest.
 12803 | Lair:3   | Reached skill level 16 in Dodging
 13063 | Lair:3   | Reached skill level 10 in Fighting
 13526 | Lair:4   | Found a viscous altar of Jiyva.
 13529 | Lair:4   | Found a staircase to the Slime Pits.
 13769 | Lair:4   | Reached skill level 11 in Fighting
 13823 | Lair:4   | Reached skill level 17 in Dodging
 14372 | Lair:5   | Entered Level 5 of the Lair of Beasts
 14372 | Lair:5   | Found a transporter.
 14372 | Lair:5   | Found a transporter.
 14541 | Lair:5   | Reached skill level 12 in Fighting
 14607 | Lair:5   | Reached skill level 18 in Dodging
 14751 | Lair:5   | Reached XP level 14. HP: 92/116 MP: 14/14
 15116 | Lair:5   | Reached skill level 13 in Fighting
 15801 | Lair:5   | Noticed Orangeyouglad's ghost (journeyman HuIE)
 15986 | D:10     | Entered Level 10 of the Dungeon
 15986 | D:10     | Noticed Maggie
 16007 | D:10     | Killed Maggie
 16088 | D:10     | Reached skill level 19 in Dodging
 16105 | D:10     | Noticed Joseph
 16107 | D:10     | Noticed Sonja
 16118 | D:10     | Killed Joseph
 16120 | D:10     | Killed Sonja
 16146 | D:10     | Paralysed by an orc for 4 turns
 16214 | D:10     | Noticed Erolcha
 16221 | D:10     | Killed Erolcha
 16890 | D:10     | Found a portal to a secret trove of treasure.
 17152 | D:11     | Noticed Urug
 17162 | D:11     | Killed Urug
 17163 | D:11     | Reached skill level 14 in Fighting
 17800 | D:12     | Noticed Gastronok
 17813 | D:12     | Killed Gastronok
 17912 | D:12     | Noticed Frances
 17934 | D:12     | Killed Frances
 18111 | D:12     | Reached skill level 20 in Dodging
 18776 | D:12     | Found a staircase to the Orcish Mines.
 19110 | D:12     | Found Nilabo's Weapon Shop.
 19498 | Orc:1    | Entered Level 1 of the Orcish Mines
 19630 | Orc:1    | Noticed Jorgrun
 19644 | Orc:1    | Killed Jorgrun
 19645 | Orc:1    | Reached skill level 15 in Fighting
 19873 | Orc:1    | You fall into a shaft and drop 1 floor!
 19873 | Orc:2    | Entered Level 2 of the Orcish Mines
 19889 | Orc:2    | Reached XP level 15. HP: 90/129 MP: 15/15
 20324 | Orc:2    | Found Zezxevv Saru's Antique Armour Shop.
 20324 | Orc:2    | Found Emuculum's General Store.
 20324 | Orc:2    | Found Zeschebi's General Store.
 20327 | Orc:2    | Found Vipn's Book Boutique.
 20838 | Orc:2    | Found a staircase to the Elven Halls.
 21167 | Orc:2    | Bought a manual of Polearms for 960 gold pieces
 21334 | D:13     | Reached skill level 21 in Dodging
 21589 | D:13     | Noticed Kirke
 21607 | D:13     | Killed Kirke
 21719 | D:13     | Identified the +2 chain mail "Tinuemp" {Int+2}
 21735 | D:13     | Found a gate to the Vaults.
 22112 | D:13     | Reached skill level 16 in Fighting
 22116 | D:13     | Reached skill level 21 in Polearms
 22410 | D:14     | Noticed Nessos
 22415 | D:14     | Nessos changed into Nessos the two-headed ogre
 22415 | D:14     | Noticed Nessos
 22421 | D:14     | Killed Nessos the two-headed ogre
 23225 | D:14     | Identified a scroll of acquirement
 23248 | D:15     | Entered Level 15 of the Dungeon
 23605 | D:15     | Reached skill level 22 in Polearms
 23723 | D:15     | Reached XP level 16. HP: 135/139 MP: 16/16
 23728 | D:15     | Reached skill level 22 in Dodging
 24038 | D:15     | Noticed Agnes
 24052 | D:15     | Killed Agnes
 24289 | D:15     | Found a shimmering blue altar of Sif Muna.
 24574 | D:15     | Reached skill level 17 in Fighting
 24586 | D:15     | Found a staircase to the Depths.
 24604 | D:15     | Reached skill level 23 in Polearms
 24901 | Shoals:1 | Entered Level 1 of the Shoals
 25128 | Shoals:1 | Noticed Josephine
 25140 | Shoals:1 | Killed Josephine
 25491 | Shoals:1 | Identified the +8 rapier "Orb Guardian's Peril" {freeze,
                  | Will+ Dex+3 SInv}
 25990 | Shoals:1 | Reached skill level 24 in Polearms
 26179 | Shoals:1 | Reached skill level 23 in Dodging
 26313 | Shoals:1 | Acquired the amulet of Symmetry {Acrobat rElec}
 26647 | Shoals:2 | Reached skill level 1 in Armour
 27504 | Shoals:3 | Reached skill level 2 in Armour
 27516 | Shoals:3 | Reached XP level 17. HP: 109/149 MP: 17/17
 27523 | Shoals:3 | Reached skill level 18 in Fighting
 28124 | Shoals:3 | Reached skill level 25 in Polearms
 28182 | Shoals:3 | Reached skill level 3 in Armour
 28247 | Shoals:3 | Noticed a kraken
 28269 | Shoals:3 | Killed a kraken
 28693 | Shoals:1 | Found a gateway to a bazaar.
 28702 | Bazaar   | Entered a bazaar
 28702 | Bazaar   | Found Bualour's Distillery.
 28702 | Bazaar   | Found Seurph Haifi's Assorted Antiques.
 29077 | Shoals:4 | Entered Level 4 of the Shoals
 29078 | Shoals:4 | Noticed Ilsuiw
 29130 | Shoals:4 | Killed Ilsuiw
 29394 | Shoals:4 | Reached skill level 4 in Armour
 29635 | Shoals:4 | Noticed a kraken
 29829 | Shoals:4 | Killed a kraken
 30056 | Shoals:4 | Identified the +8 war axe of the Desolation of Salt {heavy,
                  | rN+ Int+4}
 30230 | Shoals:4 | Reached skill level 5 in Armour
 30254 | Shoals:4 | Reached skill level 19 in Fighting
 30380 | Shoals:4 | Got a barnacled rune of Zot
 31680 | Vaults:1 | Entered Level 1 of the Vaults
 31879 | Vaults:1 | Found Jothen's General Store.
 32146 | Vaults:1 | Reached skill level 6 in Armour
 32418 | Vaults:1 | Reached XP level 18. HP: 160/160 MP: 18/18
 33413 | Vaults:1 | Reached skill level 7 in Armour
 33603 | Vaults:1 | Reached skill level 20 in Fighting
 34299 | Vaults:2 | Reached skill level 8 in Armour
 34818 | Vaults:2 | Found Lacreggo's Book Shop.
 34832 | Vaults:2 | Noticed a lich
 34843 | Vaults:2 | Killed a lich
 35501 | Vaults:2 | Found a staircase to the Crypt.
 35586 | Vaults:2 | Reached skill level 21 in Fighting
 35723 | Vaults:2 | Found a transporter.
 35723 | Vaults:2 | Noticed FacelessVoid's ghost (adept DESu)
 35724 | Vaults:2 | Found a transporter.
 35929 | Vaults:3 | Reached skill level 9 in Armour
 36028 | Vaults:3 | Reached XP level 19. HP: 172/172 MP: 19/19
 37396 | Vaults:3 | Reached skill level 1 in Evocations
 37745 | Vaults:3 | Reached skill level 2 in Evocations
 37750 | Vaults:3 | Reached skill level 10 in Armour
 38121 | Vaults:4 | Reached skill level 3 in Evocations
 38331 | Vaults:4 | Noticed a tentacled monstrosity
 38360 | Vaults:4 | Found a transporter.
 38375 | Vaults:4 | Found a one-way gate to the infinite horrors of the Abyss.
 38380 | Vaults:4 | Found a transporter.
 38538 | Vaults:3 | Reached skill level 4 in Evocations
 38631 | Vaults:4 | Paralysed by a sphinx for 3 turns
 38640 | Vaults:4 | Reached skill level 1 in Stealth
 38769 | Vaults:4 | Reached skill level 2 in Stealth
 38797 | Vaults:4 | Reached skill level 3 in Stealth
 39102 | Vaults:4 | Reached skill level 4 in Stealth
 39383 | Vaults:4 | Reached skill level 5 in Evocations
 39388 | Vaults:4 | Reached skill level 5 in Stealth
 39544 | Vaults:4 | Paralysed by a great orb of eyes for 4 turns
 39643 | Vaults:4 | Reached skill level 6 in Stealth
 39767 | Vaults:4 | Reached skill level 7 in Stealth
 40151 | Vaults:4 | Reached skill level 6 in Evocations
 40297 | Vaults:4 | Reached skill level 8 in Stealth
 40401 | Vaults:4 | Killed a tentacled monstrosity
 40409 | Vaults:4 | Reached skill level 9 in Stealth
 40765 | Vaults:4 | Paralysed by a great orb of eyes for 2 turns
 40787 | Vaults:4 | Reached skill level 7 in Evocations
 40800 | Vaults:4 | Reached XP level 20. HP: 62/181 MP: 20/20
 40802 | Vaults:4 | Reached skill level 10 in Stealth
 41669 | Elf:1    | Entered Level 1 of the Elven Halls
 41722 | Elf:1    | Reached skill level 11 in Stealth
 41950 | Elf:1    | Reached skill level 8 in Evocations
 42137 | Elf:1    | Reached skill level 12 in Stealth
 42645 | Elf:1    | Reached skill level 13 in Stealth
 42673 | Elf:1    | Reached skill level 9 in Evocations
 42715 | Elf:1    | Got Lausanuogi's Incunable of the Blind Marksman
 42722 | Elf:1    | Got the Compilation of the Xenolith
 42734 | Elf:1    | Got Sogusegh's Lessons on the Summer
 42741 | Elf:1    | Got Meotz's Lectures on the Blizzard
 43034 | Elf:2    | Found an ancient bone altar of Kikubaaqudgha.
 43344 | Elf:2    | Found a runed translucent gate.
 43344 | Elf:2    | Found a runed translucent gate.
 43344 | Elf:2    | Found a runed translucent gate.
 43410 | Elf:2    | Reached skill level 14 in Stealth
 44141 | Elf:2    | Reached skill level 10 in Evocations
 44178 | Elf:3    | Entered Level 3 of the Elven Halls
 44759 | Elf:3    | Reached skill level 15 in Stealth
 45452 | Elf:3    | HP: 16/182 [ghostly deep elf master archer/arrow (27)]
 45454 | Elf:3    | HP: 7/174 [deep elf death mage/bolt of negative energy
                  | (27)]
 45454 | Elf:3    | Shot with an arrow by a ghostly deep elf master archer

Vanquished Creatures
  Jorgrun (Orc:1)
  A deep elf blademaster (Elf:3)
  A tentacled monstrosity (Vaults:4)
  A lich (Vaults:2)
  A deep elf master archer (Elf:3)
  2 krakens
  Frances (D:12)
  Kirke (D:13)
  Gastronok (D:12)
  5 sphinxes
  Agnes (D:15)
  Ilsuiw (Shoals:4)
  11 vault wardens
  2 deep elf sorcerers
  A frost giant (Shoals:4)
  12 ironbound preservers
  3 deep elf elementalists
  2 orc warlords
  A war gargoyle (Vaults:3)
  6 ironbound thunderhulks
  4 very ugly things (Vaults:4)
  7 dire elephants
  3 deep elf demonologists
  4 deep elf annihilators
  An eidolon (Vaults:2)
  7 deep elf death magi
  6 merfolk javelineers (Shoals:4)
  Josephine (Shoals:1)
  13 yaktaur captains
  6 merfolk impalers (Shoals:4)
  5 great orbs of eyes (Vaults:4)
  7 deep elf high priests
  A peacekeeper (Vaults:1)
  6 vault guards (Vaults:4)
  A salamander tyrant (Elf:1)
  4 hydras
  A spriggan air mage (Elf:1)
  7 centaur warriors
  A merfolk avatar (Shoals:3)
  Erolcha (D:10)
  3 ogre magi
  3 alligator snapping turtles
  3 boulder beetles
  7 merfolk aquamancers
  9 ironbound frosthearts
  19 two-headed ogres
  17 dancing weapons
  3 tengu warriors
  3 satyrs
  10 death yaks
  Urug (D:11)
  2 orc high priests
  10 deep elf knights
  Sonja (D:10)
  4 skysharks
  A pharaoh ant (Lair:3)
  Nergalle (Lair:2)
  8 skeletal warriors
  A glowing orange brain (Vaults:4)
  2 goliath frogs (Lair:5)
  11 sea snakes
  45 deep trolls
  6 deep elf archers
  Pikel (D:6)
  9 lindwurms
  An orange crystal statue (Shoals:1)
  5 wizards
  2 necromancers
  14 harpies
  12 ironbound convokers
  2 phantasmal warriors
  13 deep elf zephyrmancers
  5 orc knights
  22 deep elf pyromancers
  6 cyclopes
  19 fauns
  15 ugly things
  A centaur zombie (D:15)
  16 manticores
  2 orc sorcerers (Orc:1)
  6 merfolk sirens
  Joseph (D:10)
  3 elephants (Lair:3)
  4 black mambas
  2 naga magi (D:15)
  A torpor snail (Lair:4)
  11 vault sentinels
  3 water nymphs
  2 gargoyles
  Maggie (D:10)
  24 cane toads
  2 centaur skeletons (D:15)
  6 rime drakes
  A kobold demonologist (D:12)
  29 yaktaurs
  A tengu conjurer (D:13)
  8 komodo dragons
  2 freezing wraiths
  A guardian mummy (D:10)
  9 trolls
  2 tyrant leeches (Lair:5)
  39 merfolk
  5 wind drakes
  A wind drake (shapeshifter) (D:13)
  4 polar bears
  2 tarantellas (Lair:3)
  4 snapping turtles
  8 dream sheep
  19 blink frogs
  26 slime creatures
  15 water elementals
  An air elemental (Elf:1)
  A jumping spider (Lair:3)
  2 shadows
  A yak (shapeshifter) (Elf:2)
  38 yaks
  3 fire elementals (Elf:1)
  A hog (D:13)
  5 wyverns
  5 wraiths (Shoals:1)
  3 basilisks (D:12)
  A steam dragon (D:9)
  A redback (Lair:3)
  12 vampire mosquitoes
  A warg (Orc:2)
  2 acid dragons
  7 water moccasins
  2 sky beasts
  An ice beast (D:8)
  36 orc warriors
  6 black bears
  8 ogres
  5 wolves
  3 boggarts (Vaults:2)
  22 centaurs
  A phantom (D:4)
  15 bullfrogs
  3 kobold brigands
  An earth elemental (Elf:1)
  2 necrophages (D:7)
  7 scorpions
  17 wights
  11 killer bees (D:10)
  8 howler monkeys
  2 electric eels
  5 hounds
  2 jellies
  15 orc priests
  3 iguanas
  18 orc wizards
  Natasha (thrice) (D:3)
  5 hell rats (Lair:4)
  4 gnolls (D:5)
  8 adders
  A shadow imp (D:6)
  3 white imps
  An ufetubus (D:6)
  3 worms (D:2)
  3 dart slugs
  91 orcs
  14 endoplasms
  4 giant cockroaches
  4 goblins
  13 hobgoblins
  4 jackals (D:1)
  3 quokkas
  9 ball pythons
  3 bats
  4 frilled lizards
  27 kobolds
  5 rats
  A tentacle (Shoals:3)
1188 creatures vanquished.

Vanquished Creatures (collateral kills)
  2 fauns (Shoals:3)
  3 dream sheep (Shoals:3)
  A water elemental (Shoals:3)
6 creatures vanquished.

Vanquished Creatures (others)
  2 deep elf knights
  A deep elf pyromancer (Elf:1)
  2 water elementals (Elf:1)
  An orc wizard (D:9)
  2 orcs
  22 fungi
  183 plants
  9 tentacles
222 creatures vanquished.

Grand Total: 1416 creatures vanquished

Table legend: (Time is in decaauts)
 A = Elapsed time spent in this place.
 B = Non-inter-level travel time spent in this place.
 C = Inter-level travel time spent in this place.
 D = Time resting spent in this place.
 E = Time spent auto-exploring this place.
 F = Levels seen in this place.
 G = Mean time per level.
                   A        B        C        D        E       F      G
               +--------+--------+--------+--------+--------+-----+--------+
         Total |  43302 |  41106 |   2196 |   6684 |  27157 |  34 | 1273.6 |
       Dungeon |  16398 |  15488 |    910 |    961 |  12195 |  15 | 1093.2 |
          Lair |   6497 |   6146 |    351 |    488 |   4637 |   5 | 1299.4 |
        Shoals |   5545 |   5319 |    226 |   1430 |   2766 |   4 | 1386.2 |
  Orcish Mines |   1720 |   1467 |    253 |    240 |    877 |   2 |  860.0 |
   Elven Halls |   3633 |   3549 |     84 |   1179 |   1595 |   3 | 1211.0 |
        Vaults |   9486 |   9116 |    370 |   2383 |   5070 |   4 | 2371.5 |
        Bazaar |     21 |     21 |      0 |      0 |     16 |   1 |   21.0 |
               +--------+--------+--------+--------+--------+-----+--------+

Top non-repeatable levels by time:
Vaults:4: 3130 daAuts
Vaults:3: 2274 daAuts
Vaults:1: 2140 daAuts
Vaults:2: 1942 daAuts
Shoals:4: 1926 daAuts
    D:12: 1770 daAuts
  Lair:3: 1627 daAuts
Shoals:1: 1534 daAuts
   Elf:2: 1494 daAuts
    D:15: 1388 daAuts
  Lair:5: 1350 daAuts
   Orc:2: 1344 daAuts
  Lair:2: 1338 daAuts
     D:7: 1320 daAuts
     D:4: 1283 daAuts

Table legend:
 A = Non-vault XP
 B = Vault XP
 C = Vault XP percentage of total XP
 D = Non-vault monster count
 E = Vault monster count
 F = Vault count percentage of total count
                 A         B        C        D         E       F
            +---------+---------+-------+---------+---------+-------
      Total |  275456 |  204551 |  42.6 |     805 |     390 |  32.6
            +---------+---------+-------+---------+---------+-------
        D:1 |      39 |       0 |   0.0 |      25 |       0 |   0.0
        D:2 |      50 |       0 |   0.0 |      23 |       0 |   0.0
        D:3 |     131 |      35 |  21.1 |      19 |       1 |   5.0
        D:4 |     407 |       0 |   0.0 |      28 |       0 |   0.0
        D:5 |     606 |       0 |   0.0 |      26 |       0 |   0.0
        D:6 |     560 |     663 |  54.2 |      16 |       1 |   5.9
        D:7 |    1113 |     124 |  10.0 |      15 |       2 |  11.8
        D:8 |    1350 |       0 |   0.0 |      32 |       0 |   0.0
        D:9 |    1956 |    5973 |  75.3 |      19 |       9 |  32.1
       D:10 |    3173 |    2862 |  47.4 |      38 |       5 |  11.6
       D:11 |    5780 |     796 |  12.1 |      14 |       1 |   6.7
       D:12 |    5497 |    3098 |  36.0 |      19 |      11 |  36.7
       D:13 |   13190 |    2605 |  16.5 |      25 |       4 |  13.8
       D:14 |    7347 |    1693 |  18.7 |      11 |      25 |  69.4
       D:15 |   21596 |    4917 |  18.5 |      38 |       8 |  17.4
     Lair:1 |     966 |     890 |  48.0 |       4 |       7 |  63.6
     Lair:2 |    5620 |     765 |  12.0 |      22 |       1 |   4.3
     Lair:3 |   10256 |    2205 |  17.7 |      32 |       6 |  15.8
     Lair:4 |    9721 |     733 |   7.0 |      34 |       4 |  10.5
     Lair:5 |    7070 |   10245 |  59.2 |      19 |      36 |  65.5
   Shoals:1 |   24656 |    2585 |   9.5 |      50 |       7 |  12.3
   Shoals:2 |    6490 |    1261 |  16.3 |      14 |       6 |  30.0
   Shoals:3 |    9174 |    6393 |  41.1 |      16 |      14 |  46.7
   Shoals:4 |   12569 |   23546 |  65.2 |      30 |      35 |  53.8
      Orc:1 |    1998 |    1786 |  47.2 |      17 |       1 |   5.6
      Orc:2 |    2599 |    4160 |  61.5 |      37 |      37 |  50.0
      Elf:1 |   15717 |   10288 |  39.6 |      23 |      22 |  48.9
      Elf:2 |   15709 |   10852 |  40.9 |      28 |      13 |  31.7
      Elf:3 |    6575 |   14895 |  69.4 |       9 |      14 |  60.9
   Vaults:1 |    8001 |   23098 |  74.3 |      17 |      32 |  65.3
   Vaults:2 |   24074 |   20650 |  46.2 |      37 |      25 |  40.3
   Vaults:3 |   18573 |   27071 |  59.3 |      22 |      34 |  60.7
   Vaults:4 |   32893 |   20362 |  38.2 |      46 |      29 |  38.7
            +---------+---------+-------+---------+---------+-------
